[Event "November 21 Early 2023"]
[Site "https://www.chess.com"]
[Date "2023.11.21"]
[Round "1"]
[White "Tomaszewski, Kacper"]
[Black "Gokerkan, Cem Kaan"]
[Result "0-1"]
[Board "50"]
[TimeControl "180+1"]
[WhiteFideId "1127373"]
[BlackFideId "6336760"]
[WhiteElo "2211"]
[BlackElo "2365"]
[WhiteTeam "POL"]
[BlackTeam "TUR"]
[WhiteClock "0:00:03"]
[BlackClock "0:00:04"]

1. e4 c5 2. Nf3 d6 3. Bb5+ Nd7 4. c4 a6 5. Bxd7+ Bxd7 6. O-O Nf6 7. Nc3 b5 8. d3 g6 9. Re1 Bg7 10. Bf4 O-O 11. a4 bxc4 12. dxc4 Rb8 13. Qc2 Bg4 14. e5 Nh5 15. exd6 exd6 16. Bg5 Qb6 17. Nd5 Qxb2 18. Qxb2 Bxb2 19. Rab1 Bxf3 20. gxf3 Bd4 21. Be7 Rfe8 22. Rxb8 Rxb8 23. Bxd6 Rd8 24. Bc7 Ra8 25. a5 Kg7 26. Re7 Nf6 27. Be5 Bxe5 28. Rxe5 Nh5 29. Kf1 Rb8 30. Nb6 Rd8 31. Rd5 Re8 32. Rxc5 Nf4 33. Nd5 Nd3 34. Rc6 Re1+ 35. Kg2 Re2 36. Rxa6 h5 37. Rd6 h4 38. h3 Rxf2+ 39. Kg1 Ra2 40. a6 Ne5 41. c5 Nxf3+ 42. Kf1 Nd2+ 43. Ke1 Ne4 44. Rc6 Ra5 45. Nc7 Nxc5 46. a7 Nd3+ 47. Kd2 Nb4 48. Ra6 Nxa6 49. a8=Q Ra2+ 50. Ke1 Nb4 51. Qe4 Rb2 52. Qe5+ f6 53. Ne6+ Kf7 54. Nd8+ Kg7 55. Qe7+ Kh6 56. Nf7+ Kh5 57. Qc5+ g5 58. Kd1 Kg6 59. Nd8 Nd3 60. Qd5 Nf2+ 61. Kc1 Re2 62. Qg8+ Kf5 63. Qh7+ Kf4 64. Qc7+ Kf3 65. Qc6+ Ne4 66. Ne6 Re1+ 67. Kc2 g4 68. Nd4+ Ke3 69. Nf5+ Kf4 70. hxg4 h3 71. Qc7+ Kxg4 72. Nh6+ Kf3 73. Qh2 Re2+ 74. Qxe2+ Kxe2 75. Ng4 f5 76. Nh2 Kf2 0-1

[Event "November 21 Early 2023"]
[Site "https://www.chess.com"]
[Date "2023.11.21"]
[Round "1"]
[White "Rakhmanov, Aleksandr"]
[Black "Cruz Mendez, Jean Marco"]
[Result "1-0"]
[Board "51"]
[TimeControl "180+1"]
[WhiteFideId "4173708"]
[BlackFideId "3526402"]
[WhiteElo "2521"]
[BlackElo "2064"]
[WhiteTeam "FID"]
[BlackTeam "CUB"]
[WhiteClock "0:00:03"]
[BlackClock "0:00:31"]

1. d4 Nf6 2. c4 e6 3. Nc3 Bb4 4. e3 O-O 5. Nf3 b6 6. Bd2 Bb7 7. Bd3 d6 8. Qc2 Nbd7 9. a3 Bxc3 10. Bxc3 c5 11. Ng5 h6 12. Nh7 Re8 13. dxc5 dxc5 14. Nxf6+ Nxf6 15. O-O Qe7 16. Rfd1 Red8 17. b4 Rac8 18. Qb2 Ne8 19. Bf1 f6 20. a4 Nd6 21. bxc5 bxc5 22. Ba5 Rd7 23. Rd2 Ne4 24. Rxd7 Qxd7 25. Rd1 Qxd1 26. Qxb7 Nd6 27. Qd7 Rb8 28. h4 Rb1 29. Qxe6+ Kh7 30. Kh2 Qxf1 31. Qxd6 Qxf2 32. Qd3+ f5 33. Qxb1 Qxh4+ 34. Kg1 Kg6 35. Qd3 Qf6 36. Bc3 Qb6 37. Qd7 Qb1+ 38. Kh2 Qe4 39. Qxg7+ Kh5 40. Qf7+ Kg5 41. Bf6+ 1-0

[Event "November 21 Early 2023"]
[Site "https://www.chess.com"]
[Date "2023.11.21"]
[Round "1"]
[White "Luukkonen, Tommi"]
[Black "Beerdsen, Thomas"]
[Result "0-1"]
[Board "52"]
[TimeControl "180+1"]
[WhiteFideId "501808"]
[BlackFideId "1030108"]
[WhiteElo "2219"]
[BlackElo "2550"]
[WhiteTeam "FIN"]
[BlackTeam "NED"]
[WhiteClock "0:00:17"]
[BlackClock "0:00:51"]

1. e4 e5 2. Nf3 Nc6 3. Bc4 Nf6 4. d3 h6 5. c3 d6 6. h3 g5 7. Nbd2 Be6 8. Bxe6 fxe6 9. Qb3 Qd7 10. Qxb7 Rb8 11. Qa6 d5 12. exd5 exd5 13. O-O Bd6 14. Re1 O-O 15. Qa4 Kh8 16. Nf1 Nd4 17. Qd1 Nxf3+ 18. Qxf3 e4 19. Qd1 g4 20. Bxh6 Rg8 21. h4 g3 22. fxg3 Ng4 23. Bg5 Qf5 24. Qd2 Rbf8 25. Bf4 Bxf4 26. gxf4 e3 27. Nxe3 Qxf4 28. g3 Qxg3+ 29. Qg2 Nxe3 30. Qxg3 Rxg3+ 31. Kh1 Rh3+ 0-1

[Event "November 21 Early 2023"]
[Site "https://www.chess.com"]
[Date "2023.11.21"]
[Round "1"]
[White "Licznerski, Lukasz"]
[Black "YouShallNotPass001"]
[Result "1-0"]
[Board "53"]
[TimeControl "180+1"]
[WhiteFideId "1179250"]
[WhiteElo "2436"]
[BlackElo "2473"]
[WhiteTeam "POL"]
[WhiteClock "0:00:07"]
[BlackClock "0:00:24"]

1. e4 c5 2. Nf3 g6 3. d4 cxd4 4. Nxd4 Bg7 5. Nc3 Nc6 6. Nb3 Nf6 7. Be2 O-O 8. O-O d6 9. Re1 Be6 10. Bf1 Rc8 11. Nd5 Ne5 12. c3 Nc4 13. Bxc4 Rxc4 14. Bg5 Bxd5 15. exd5 h6 16. Qd3 b5 17. Bxf6 Bxf6 18. Qe3 a5 19. Qxh6 a4 20. Nd4 a3 21. Nc6 Qc7 22. bxa3 Rxc3 23. Rac1 Rc5 24. Rxc5 dxc5 25. Qe3 c4 26. Nxe7+ Qxe7 27. Qxe7 Bxe7 28. Rxe7 Rd8 29. Kf1 Rxd5 30. Ke2 Rd3 31. Re3 Rd6 32. a4 b4 33. Re4 Rc6 34. Kd1 f5 35. Rd4 Kf7 36. a5 Ke6 37. f4 Rd6 38. Rxd6+ Kxd6 39. h3 Kc6 40. g4 fxg4 41. hxg4 Kb5 42. f5 gxf5 43. gxf5 Kxa5 44. f6 Ka4 45. f7 Ka3 46. f8=Q c3 47. Kc2 Kxa2 48. Qxb4 Ka1 49. Qa4# 1-0

[Event "November 21 Early 2023"]
[Site "https://www.chess.com"]
[Date "2023.11.21"]
[Round "1"]
[White "whiteglovethief"]
[Black "AlmasRakhmatullaev"]
[Result "0-1"]
[Board "54"]
[TimeControl "180+1"]
[WhiteElo "2473"]
[BlackElo "2862"]
[WhiteClock "0:01:09"]
[BlackClock "0:01:32"]

1. d4 Nf6 2. c4 g6 3. Nc3 Bg7 4. g3 O-O 5. Bg2 d6 6. h3 c6 7. e3 e5 8. Nge2 Be6 9. d5 cxd5 10. cxd5 Bd7 11. O-O b5 12. e4 b4 13. Na4 Qc8 14. Kh2 Qa6 15. b3 Bb5 16. Re1 Nbd7 17. Nb2 Nc5 18. f3 Nfd7 19. Bf1 f5 20. exf5 Rxf5 21. Ng1 Bxf1 22. Rxf1 Nxb3 23. Qxb3 Qxf1 24. Nd3 e4 25. Bb2 Qxd3 0-1

[Event "November 21 Early 2023"]
[Site "https://www.chess.com"]
[Date "2023.11.21"]
[Round "1"]
[White "Boruchovsky, Avital"]
[Black "Osmak, Yuliia"]
[Result "0-1"]
[Board "55"]
[TimeControl "180+1"]
[WhiteFideId "2800055"]
[BlackFideId "14101602"]
[WhiteElo "2450"]
[BlackElo "2303"]
[WhiteTeam "ISR"]
[BlackTeam "UKR"]
[WhiteClock "0:00:24"]
[BlackClock "0:00:15"]

1. c4 e5 2. Nc3 Bb4 3. Nf3 Bxc3 4. dxc3 d6 5. c5 Nc6 6. cxd6 cxd6 7. e4 Nf6 8. Bd3 O-O 9. O-O d5 10. exd5 Qxd5 11. Bc2 Qxd1 12. Rxd1 Bg4 13. h3 Bxf3 14. gxf3 Rad8 15. Be3 Nd5 16. Bc5 Rfe8 17. Be4 Nf4 18. Kh2 a6 19. Bb6 Rxd1 20. Rxd1 Re6 21. Bxc6 g6 22. Bc7 bxc6 23. Rd8+ Kg7 24. Ra8 c5 25. Rd8 c4 26. b3 f6 27. Rd7+ Kg8 28. bxc4 Rc6 29. Bd8 Nh5 30. Ba5 Rxc4 31. Rd6 Ra4 32. Rxa6 Rxa2 33. Kg1 Nf4 34. c4 Nxh3+ 35. Kh2 Nxf2 36. Kg3 Nd3 37. Rd6 Rxa5 38. Rxd3 Rc5 39. Rd6 Kg7 40. Rd7+ Kh6 41. Rf7 f5 42. Re7 Rxc4 43. Rxe5 Kg5 44. Re7 h5 45. Re6 h4+ 46. Kh3 Rc3 47. Kg2 Kh5 48. Ra6 Rc2+ 49. Kh3 Rf2 50. Ra3 g5 0-1

[Event "November 21 Early 2023"]
[Site "https://www.chess.com"]
[Date "2023.11.21"]
[Round "1"]
[White "Sreyas Payyappat"]
[Black "Rohith Krishna S"]
[Result "0-1"]
[Board "56"]
[TimeControl "180+1"]
[WhiteFideId "46674969"]
[BlackFideId "46617051"]
[WhiteElo "2043"]
[BlackElo "2394"]
[WhiteTeam "IND"]
[BlackTeam "IND"]
[WhiteClock "0:01:16"]
[BlackClock "0:00:47"]

1. e4 e6 2. d4 d5 3. Nc3 Bb4 4. e5 c5 5. a3 Bxc3+ 6. bxc3 Ne7 7. Qf3 Qc7 8. Ne2 Bd7 9. Be3 Ba4 10. dxc5 Nd7 11. Qg4 Bxc2 12. Nd4 Ba4 13. Nxe6 fxe6 14. Qxa4 Qxe5 15. Bb5 Qxc3+ 16. Ke2 Qb2+ 17. Kd3 Rd8 18. Bd4 Nc6 19. Bxb2 Nxc5+ 20. Kd2 Nxa4 21. Bxa4 O-O 22. Bxc6 Rxf2+ 23. Kc3 bxc6 24. Rhe1 Re8 25. Kb3 Rb8+ 26. Ka4 0-1

[Event "November 21 Early 2023"]
[Site "https://www.chess.com"]
[Date "2023.11.21"]
[Round "1"]
[White "Javakhadze, Zurab"]
[Black "Ramla2020"]
[Result "1-0"]
[Board "57"]
[TimeControl "180+1"]
[WhiteFideId "13603647"]
[WhiteElo "2381"]
[BlackElo "2470"]
[WhiteTeam "GEO"]
[WhiteClock "0:00:43"]
[BlackClock "0:00:16"]

1. Nf3 d5 2. g3 Nf6 3. Bg2 c6 4. O-O Bf5 5. d3 e6 6. c4 Nbd7 7. Be3 Be7 8. Qb3 Qc8 9. Nc3 O-O 10. Rac1 h6 11. cxd5 Nxd5 12. Bd2 Nc5 13. Qd1 Nxc3 14. Bxc3 Nd7 15. b4 Bf6 16. Bxf6 Nxf6 17. b5 Qc7 18. bxc6 bxc6 19. Nd4 Qb6 20. Nxf5 exf5 21. Rxc6 Qa5 22. Rxf6 gxf6 23. Bxa8 Rxa8 24. Qc2 Rb8 25. e3 Qa3 26. d4 Kg7 27. d5 Rb2 28. Qxf5 Rd2 29. Rb1 Qxa2 30. Qg4+ Kf8 31. Rb8+ Ke7 32. Qb4+ 1-0

[Event "November 21 Early 2023"]
[Site "https://www.chess.com"]
[Date "2023.11.21"]
[Round "1"]
[White "Manukyan, Sargis V."]
[Black "Eljanov, Pavel"]
[Result "0-1"]
[Board "58"]
[TimeControl "180+1"]
[WhiteFideId "13303465"]
[BlackFideId "14102951"]
[WhiteElo "2236"]
[BlackElo "2598"]
[WhiteTeam "ARM"]
[BlackTeam "UKR"]
[WhiteClock "0:00:09"]
[BlackClock "0:00:33"]

1. d4 d5 2. c4 e6 3. Nc3 Nf6 4. cxd5 exd5 5. Bg5 Be7 6. e3 h6 7. Bh4 Bg4 8. Qc2 O-O 9. Bd3 c5 10. dxc5 d4 11. exd4 Qxd4 12. f3 Bf5 13. Bxf6 Bxd3 14. Bxd4 Bxc2 15. Nge2 Nc6 16. Be3 Rfe8 17. Nd5 Bh4+ 18. g3 Rad8 19. Nec3 Bg5 20. f4 Be4 21. Nxe4 Rxd5 22. Nxg5 Rxe3+ 23. Kf2 Rdd3 24. Nh3 Nd4 25. Rhe1 Rf3+ 26. Kg1 Rd2 27. Rad1 Rfd3 28. Rxd2 Rxd2 29. b4 Nf3+ 30. Kf1 Nxh2+ 31. Kg1 Nf3+ 32. Kf1 Nxe1 33. Kg1 Nf3+ 0-1

[Event "November 21 Early 2023"]
[Site "https://www.chess.com"]
[Date "2023.11.21"]
[Round "1"]
[White "BardArtem"]
[Black "Pourkashiyan, Atousa"]
[Result "1-0"]
[Board "59"]
[TimeControl "180+1"]
[BlackFideId "12502014"]
[WhiteElo "2851"]
[BlackElo "2221"]
[BlackTeam "USA"]
[WhiteClock "0:00:12"]
[BlackClock "0:00:14"]

1. e4 e5 2. d4 exd4 3. Qxd4 Nc6 4. Qd3 Nf6 5. Nc3 Bb4 6. Bd2 O-O 7. Nge2 Re8 8. O-O-O Ne5 9. Qg3 d6 10. Bg5 Ng6 11. Nd5 Bc5 12. Bxf6 gxf6 13. h4 Kh8 14. h5 Ne5 15. Qf4 Ng4 16. f3 c6 17. fxg4 cxd5 18. Rxd5 Be6 19. Nc3 Bb4 20. Rd3 Rg8 21. Be2 Bxc3 22. Rxc3 Rc8 23. Rxc8 Bxc8 24. Rd1 Be6 25. Rxd6 Qe7 26. e5 Rc8 27. Qxf6+ Qxf6 28. exf6 h6 29. Kd2 a6 30. b3 Rg8 31. Kc3 Bxg4 32. Bxg4 Rxg4 33. Rd8+ Kh7 34. Rf8 Rxg2 35. Rxf7+ Kg8 36. Rxb7 Rf2 37. Rb6 a5 38. Ra6 Kf7 39. Rxa5 Kxf6 40. b4 Rh2 41. a4 Rh3+ 42. Kb2 Rh4 43. Kb3 Rh3+ 44. c3 Rg3 45. Rc5 Rg5 46. a5 Ke6 47. a6 Rg7 48. Ra5 Ra7 49. b5 Kd6 50. b6 1-0

[Event "November 21 Early 2023"]
[Site "https://www.chess.com"]
[Date "2023.11.21"]
[Round "1"]
[White "Preobrazhenska_D2011"]
[Black "Szpar, Milosz"]
[Result "0-1"]
[Board "60"]
[TimeControl "180+1"]
[BlackFideId "1184989"]
[WhiteElo "2466"]
[BlackElo "2446"]
[BlackTeam "POL"]
[WhiteClock "0:00:00"]
[BlackClock "0:00:16"]

1. e4 c5 2. Nf3 d6 3. d4 cxd4 4. Nxd4 Nf6 5. Nc3 Nc6 6. Bg5 e6 7. Qd3 Bd7 8. O-O-O a6 9. f4 Be7 10. Be2 b5 11. Bf3 b4 12. Nce2 Qc7 13. Kb1 Rc8 14. g4 h6 15. Bh4 g5 16. Nxc6 Bxc6 17. fxg5 Nd7 18. Bg3 hxg5 19. Bxd6 Bxd6 20. Qxd6 Qxd6 21. Rxd6 Ke7 22. Rd4 Ne5 23. Bg2 a5 24. h3 Bb5 25. Ng3 Ng6 26. Bf1 Bc6 27. Bg2 Nf4 28. Rg1 Kf6 29. b3 Ke5 30. Rd2 Bb5 31. Kb2 Rc3 32. Nf1 a4 33. Nh2 a3+ 34. Kb1 Be2 35. Bf1 Bxf1 36. Nxf1 Rhxh3 37. Rd1 Rc7 38. Nd2 Ne2 39. Rge1 Nc3+ 40. Ka1 Nxd1 41. Rxd1 Rxc2 42. Nc4+ Rxc4 43. bxc4 Rc3 44. Rf1 Rxc4 45. Kb1 Rc7 46. Re1 Kf4 47. e5 Rc5 48. Rf1+ Kxg4 49. Rxf7 Rxe5 50. Rb7 Re4 51. Rg7 Kf4 52. Kc2 Rd4 53. Rf7+ Kg3 54. Rg7 g4 55. Kb3 Kg2 56. Rg6 e5 57. Rg5 Re4 58. Kc2 g3 59. Kd3 Rf4 60. Rxe5 Kf2 61. Re2+ Kf1 62. Re3 g2 0-1

[Event "November 21 Early 2023"]
[Site "https://www.chess.com"]
[Date "2023.11.21"]
[Round "1"]
[White "Klukin, Kirill"]
[Black "Shishkov, Andrei"]
[Result "1-0"]
[Board "61"]
[TimeControl "180+1"]
[WhiteFideId "24199273"]
[BlackFideId "4500563"]
[WhiteElo "2344"]
[BlackElo "2241"]
[WhiteTeam "RUS"]
[BlackTeam "EST"]
[WhiteClock "0:00:07"]
[BlackClock "0:00:00"]

1. d4 Nf6 2. Nf3 e6 3. e3 c5 4. Bd3 b6 5. O-O Bb7 6. c4 cxd4 7. exd4 d5 8. Nc3 dxc4 9. Bxc4 Be7 10. Qe2 O-O 11. Bg5 Nbd7 12. Rad1 Re8 13. Rfe1 a6 14. Ne5 Nd5 15. Nxf7 Kxf7 16. Qxe6+ Kf8 17. Bxd5 Bxd5 18. Bxe7+ Qxe7 19. Qxe7+ Rxe7 20. Nxd5 Rxe1+ 21. Rxe1 Rd8 22. Nc7 Kf7 23. Nxa6 Nf6 24. Rd1 Nd5 25. a3 Rc8 26. g3 Rc2 27. b3 Rc3 28. Rb1 Rd3 29. Nb8 Rxd4 30. Nc6 Rd2 31. Ne5+ Kf6 32. Nc4 Rd3 33. Rb2 b5 34. Nd6 Nc7 35. Ne4+ Ke5 36. Nc5 Rd1+ 37. Kg2 Kd4 38. Rc2 Nd5 39. a4 Nb4 40. Ne6+ Kd3 41. Rc7 bxa4 42. bxa4 Nd5 43. Rd7 Ke4 44. Rxg7 Ra1 45. Rxh7 Ra2 46. Ng5+ Kf5 47. Nh3 Rxa4 48. Rh5+ Ke6 49. Rh4 Ra2 50. Rd4 Ne3+ 51. Kf3 Nf5 52. Rb4 Nd6 53. Nf4+ Ke5 54. h4 Ra3+ 55. Kg2 Ra2 56. Rb3 Ne4 57. Re3 Kd4 58. Re2 Ra7 59. Ne6+ Ke5 60. Ng5 1-0

[Event "November 21 Early 2023"]
[Site "https://www.chess.com"]
[Date "2023.11.21"]
[Round "1"]
[White "Begunov, Konstantin"]
[Black "Visakh N R"]
[Result "0-1"]
[Board "62"]
[TimeControl "180+1"]
[WhiteFideId "4118510"]
[BlackFideId "25012223"]
[WhiteElo "1989"]
[BlackElo "2474"]
[WhiteTeam "RUS"]
[BlackTeam "IND"]
[WhiteClock "0:00:06"]
[BlackClock "0:00:31"]

1. d4 Nf6 2. c4 e6 3. Nf3 b6 4. g3 Ba6 5. Qa4 Bb7 6. Bg2 Be7 7. Nc3 O-O 8. O-O Ne4 9. Qc2 Nxc3 10. Qxc3 f5 11. Rd1 d6 12. b4 Bf6 13. c5 Bd5 14. cxd6 cxd6 15. Bf4 Nc6 16. b5 Na5 17. Qb4 Be7 18. a4 Qd7 19. Rac1 Rac8 20. h4 Rfd8 21. Bg5 Bxg5 22. Nxg5 Bxg2 23. Kxg2 Qb7+ 24. f3 Qd5 25. Nh3 Rc4 26. Rxc4 Qxc4 27. Qxc4 Nxc4 28. Rc1 d5 29. Nf4 Kf7 30. Kf2 Ke7 31. Nd3 Rc8 32. Ne5 Rc7 33. e4 fxe4 34. fxe4 Kd6 35. Ke2 Nb2 36. Rxc7 Kxc7 37. exd5 exd5 38. Nc6 a5 39. Ne7 Nxa4 40. Nxd5+ Kd6 41. Ne3 Nc3+ 42. Kd3 Nxb5 43. Nf5+ Kd5 44. Nxg7 Nxd4 45. g4 Nf3 46. Nf5 Ne5+ 47. Kc3 Nxg4 48. h5 Nf6 49. h6 b5 50. Ne7+ Kc5 51. Kb3 a4+ 52. Ka3 Ng4 53. Nf5 Kc4 54. Nd6+ Kc5 55. Ne4+ Kd5 56. Ng5 Nf6 57. Nxh7 Nxh7 58. Kb4 Kc6 0-1

[Event "November 21 Early 2023"]
[Site "https://www.chess.com"]
[Date "2023.11.21"]
[Round "1"]
[White "Warmerdam, Max"]
[Black "Martins, Bruno Andre Leite"]
[Result "1-0"]
[Board "63"]
[TimeControl "180+1"]
[WhiteFideId "1048104"]
[BlackFideId "1942255"]
[WhiteElo "2530"]
[BlackElo "2307"]
[WhiteTeam "NED"]
[BlackTeam "POR"]
[WhiteClock "0:02:23"]
[BlackClock "0:00:13"]

1. b3 e5 2. Bb2 Nc6 3. c4 Nf6 4. Nf3 d6 5. e3 Be7 6. d4 exd4 7. Nxd4 O-O 8. Be2 Re8 9. O-O Bd7 10. Nc3 a6 11. Rc1 Nxd4 12. Qxd4 Bc6 13. Nd5 Bxd5 14. cxd5 Qd7 15. Rc2 c6 16. dxc6 bxc6 17. Bf3 d5 18. Rfc1 Rec8 19. g3 a5 20. Qa4 Ra6 21. Be2 Rb6 22. Bxf6 Bxf6 23. Bg4 Qb7 24. Bxc8 Qxc8 25. Rxc6 Rxc6 26. Qxc6 1-0

[Event "November 21 Early 2023"]
[Site "https://www.chess.com"]
[Date "2023.11.21"]
[Round "1"]
[White "Rangel, Daniel"]
[Black "Kravtsiv, Martyn"]
[Result "0-1"]
[Board "64"]
[TimeControl "180+1"]
[WhiteFideId "2124475"]
[BlackFideId "14113147"]
[WhiteElo "2267"]
[BlackElo "2689"]
[WhiteTeam "BRA"]
[BlackTeam "UKR"]
[WhiteClock "0:00:00"]
[BlackClock "0:00:05"]

1. c4 e6 2. g3 d5 3. Bg2 Nf6 4. Nf3 d4 5. O-O c5 6. e3 Nc6 7. exd4 cxd4 8. d3 Be7 9. Bg5 O-O 10. Nbd2 h6 11. Bxf6 Bxf6 12. a3 a5 13. Qe2 Qb6 14. Rab1 Be7 15. Ne5 Nxe5 16. Qxe5 Bd7 17. Nf3 Bf6 18. Qe2 a4 19. Nd2 Ra5 20. b4 axb3 21. Rxb3 Qa6 22. Rxb7 Bc8 23. Rb3 Rxa3 24. Rxa3 Qxa3 25. Ne4 Be7 26. Qc2 Bb4 27. Rb1 f5 28. Nd2 Rd8 29. Qb3 Qxb3 30. Nxb3 Bf8 31. Ra1 Bb4 32. Ra8 Be7 33. Nxd4 Rxd4 34. Rxc8+ Kf7 35. Bf1 e5 36. f3 Rd7 37. g4 f4 38. Kf2 Ra7 39. Be2 Ke6 40. Rc6+ Kf7 41. Ke1 Ra2 42. Rb6 Bh4+ 43. Kf1 Ra1+ 44. Kg2 Rc1 45. Rb2 Ke6 46. Bf1 Be7 47. Rb6+ Kd7 48. Rb7+ Kd6 49. Rb6+ Kc5 50. Rb5+ Kd6 51. Rd5+ Ke6 52. d4 Rc2+ 53. Kh3 Bf6 54. dxe5 Bxe5 55. Bd3 Rc3 56. Bf5+ Kf6 57. Be4 Rc1 58. c5 Rc2 59. c6 Rc3 60. Rb5 Rc4 61. Rb7 Rc3 62. Rd7 Rc5 63. Rd5 Rc3 64. Rd7 g6 65. Bd5 Kg5 66. Be4 Rc4 67. Re7 Bd4 68. Re6 Bf6 69. Rd6 h5 70. Rd5+ Kh6 71. gxh5 gxh5 72. Rd6 Kg5 73. Rd5+ Kh6 74. Rd7 Rc1 75. Rh7+ Kg5 76. Rf7 Bd4 77. Rf5+ Kh6 78. Rf7 Be5 79. Re7 Bb8 80. Re8 Bc7 81. Re7 Bb6 82. Kh4 Bd8 83. Kh3 Bxe7 84. c7 Rxc7 85. Bf5 Bf6 86. Be4 Re7 87. Bf5 Re5 88. Be4 Kg5 89. Bc6 Re3 90. Bd7 Rxf3+ 91. Kg2 Re3 0-1

[Event "November 21 Early 2023"]
[Site "https://www.chess.com"]
[Date "2023.11.21"]
[Round "1"]
[White "Dragun, Kamil"]
[Black "Nikologorsky, Matfei"]
[Result "0-1"]
[Board "65"]
[TimeControl "180+1"]
[WhiteFideId "1134167"]
[BlackFideId "24102474"]
[WhiteElo "2551"]
[BlackElo "2153"]
[WhiteTeam "POL"]
[BlackTeam "FID"]
[WhiteClock "0:00:04"]
[BlackClock "0:00:21"]

1. d4 Nf6 2. c4 e6 3. Nf3 a6 4. g3 c5 5. Bg2 cxd4 6. Nxd4 Qc7 7. O-O Qxc4 8. Nc3 Nc6 9. Nb3 d5 10. Bf4 Be7 11. Rc1 Qb4 12. a3 Qb6 13. e4 dxe4 14. Nxe4 O-O 15. Be3 Qb5 16. Bc5 Rd8 17. Qc2 Nxe4 18. Bxe4 Bf6 19. Rfd1 h6 20. Rxd8+ Bxd8 21. Rd1 Bf6 22. a4 Qxa4 23. Ra1 Qb5 24. Bd3 Nb4 25. Bxb5 Nxc2 26. Ra2 e5 27. Bd3 Nd4 28. Nxd4 exd4 29. b4 Be6 30. Re2 a5 31. bxa5 Rxa5 32. Rc2 Bd5 33. f4 Ra1+ 34. Kf2 Rh1 0-1

[Event "November 21 Early 2023"]
[Site "https://www.chess.com"]
[Date "2023.11.21"]
[Round "1"]
[White "robertoalejandro10"]
[Black "Cherniaiev, Tykhon"]
[Result "1/2-1/2"]
[Board "66"]
[TimeControl "180+1"]
[BlackFideId "14182360"]
[WhiteElo "2460"]
[BlackElo "2438"]
[BlackTeam "UKR"]
[WhiteClock "0:00:30"]
[BlackClock "0:00:20"]

1. Nf3 Nf6 2. b3 g6 3. Bb2 Bg7 4. c4 O-O 5. g3 c5 6. Bg2 Nc6 7. O-O d5 8. cxd5 Nxd5 9. Bxg7 Kxg7 10. Nc3 b6 11. Nxd5 Qxd5 12. d4 Bb7 13. Ne5 Qd6 14. Nxc6 Bxc6 15. dxc5 Qxd1 16. Rfxd1 Bxg2 17. Kxg2 bxc5 18. Rd7 a5 19. Rxe7 a4 20. Rc1 axb3 21. axb3 Rab8 22. Rc3 Rb5 23. Rc7 Rfb8 24. R3xc5 Rxc5 25. Rxc5 Rxb3 26. e3 Rb2 27. h4 h5 28. Kf3 Rb3 29. Rd5 Ra3 30. Rd2 Kf6 31. Ke2 Ke6 32. Rd3 Ra2+ 33. Kf3 Kf6 34. Rb3 Rc2 35. Rb4 Rc3 36. g4 hxg4+ 37. Rxg4 Ra3 38. Rf4+ Kg7 39. Kg4 Ra1 40. Kf3 Ra2 41. Kg3 Ra1 42. e4 Rg1+ 43. Kf3 Ra1 44. Rg4 Ra3+ 45. Kg2 Kf6 46. f3 Ra2+ 47. Kg3 Ra1 48. Kf4 Ra5 49. Rg5 Ra8 50. h5 gxh5 51. Rxh5 Ra4 52. Rh6+ Ke7 53. Rb6 Ra5 54. e5 Kf8 55. Kf5 Kg7 56. f4 Ra4 57. Kg5 Ra1 58. Rb7 Ra5 59. Re7 Kf8 60. Kf6 Ra6+ 61. e6 fxe6 62. Rxe6 Ra7 63. f5 Rf7+ 64. Kg5 Rg7+ 65. Rg6 Ra7 66. Rb6 Kg7 67. Rg6+ Kf7 68. Rh6 Kg7 69. f6+ Kg8 70. Kg6 Rg7+ 71. Kf5 Ra7 72. Rh4 Ra1 73. Rg4+ Kf7 74. Rg7+ Kf8 75. Rg4 Kf7 76. Rg7+ Kf8 77. Rb7 Rf1+ 78. Ke5 Re1+ 79. Kf5 Rf1+ 80. Kg6 Rg1+ 81. Kf5 Rf1+ 1/2-1/2

[Event "November 21 Early 2023"]
[Site "https://www.chess.com"]
[Date "2023.11.21"]
[Round "1"]
[White "Idani, Pouya"]
[Black "Kopczynski, Michal"]
[Result "1-0"]
[Board "67"]
[TimeControl "180+1"]
[WhiteFideId "12510130"]
[BlackFideId "1124200"]
[WhiteElo "2574"]
[BlackElo "2174"]
[WhiteTeam "IRI"]
[BlackTeam "POL"]
[WhiteClock "0:00:32"]
[BlackClock "0:00:01"]

1. e4 b6 2. d4 Bb7 3. Bd3 e6 4. Qe2 Nf6 5. Nf3 d5 6. e5 Nfd7 7. O-O c5 8. c3 Nc6 9. a3 Qc7 10. b4 c4 11. Bc2 O-O-O 12. Ng5 Ndb8 13. Nxh7 f6 14. f4 f5 15. Ng5 Re8 16. Nxe6 Rxe6 17. Bxf5 Nd8 18. Bxe6+ Nxe6 19. f5 Nd8 20. Bf4 Nbc6 21. Nd2 Nf7 22. Rae1 Nh6 23. g4 a5 24. b5 Na7 25. a4 Kb8 26. h3 Nc8 27. Nf3 Ka7 28. Ng5 Qe7 29. Ne6 Qa3 30. f6 gxf6 31. exf6 Bd6 32. Bxh6 Rxh6 33. Qe3 Rh8 34. g5 Qa2 35. Rf2 Qxa4 36. g6 Qxb5 37. g7 Rg8 38. f7 Rxg7+ 39. Nxg7 Bf8 40. Qe8 Qb3 41. Qxf8 Qxc3 42. Qe8 Qg3+ 43. Rg2 Qxh3 44. f8=Q Nd6 45. Qxd6 1-0

[Event "November 21 Early 2023"]
[Site "https://www.chess.com"]
[Date "2023.11.21"]
[Round "1"]
[White "Babikov, Ivan"]
[Black "Sonis, Francesco"]
[Result "1-0"]
[Board "68"]
[TimeControl "180+1"]
[WhiteFideId "4161106"]
[BlackFideId "895733"]
[WhiteElo "1986"]
[BlackElo "2435"]
[WhiteTeam "RUS"]
[BlackTeam "ITA"]
[WhiteClock "0:00:35"]
[BlackClock "0:00:14"]

1. e4 e5 2. Nf3 Nc6 3. Bc4 Bc5 4. b4 Bxb4 5. c3 Be7 6. d4 Na5 7. Be2 d6 8. O-O Nc6 9. Nbd2 Nf6 10. h3 O-O 11. Rb1 b6 12. Qc2 Bb7 13. Re1 Re8 14. d5 Na5 15. c4 Bc8 16. Nf1 Rf8 17. Ng3 g6 18. Bh6 Re8 19. Nh2 Nb7 20. f4 exf4 21. Bxf4 Nc5 22. Rf1 Nfd7 23. Ng4 Bg5 24. Bxg5 Qxg5 25. Rf2 h5 26. h4 Qxg4 27. Bxg4 hxg4 28. Rbf1 Ne5 29. h5 Kg7 30. Qd2 Ba6 31. Qg5 Rh8 32. Rxf7+ Nxf7 33. Qxg6+ Kf8 34. Qxf7# 1-0

[Event "November 21 Early 2023"]
[Site "https://www.chess.com"]
[Date "2023.11.21"]
[Round "1"]
[White "Narayanan, Srinath"]
[Black "Berezin, Viktor"]
[Result "1-0"]
[Board "69"]
[TimeControl "180+1"]
[WhiteFideId "5018420"]
[BlackFideId "14107872"]
[WhiteElo "2442"]
[BlackElo "2310"]
[WhiteTeam "IND"]
[BlackTeam "UKR"]
[WhiteClock "0:00:38"]
[BlackClock "0:00:00"]

1. e4 g6 2. d4 Bg7 3. Nc3 d6 4. Be3 c6 5. h4 h5 6. Qd2 Nd7 7. Nh3 b5 8. Ng5 Nb6 9. b3 Nf6 10. f3 Qc7 11. Ne2 O-O 12. g3 e5 13. Rd1 d5 14. dxe5 Qxe5 15. Bd4 Qe7 16. e5 Ne8 17. f4 c5 18. Ba1 f6 19. Nf3 d4 20. Bg2 Bb7 21. O-O Nd5 22. Qd3 Ne3 23. Qxg6 Nxg2 24. Kxg2 fxe5 25. fxe5 Qxe5 26. Nf4 Rxf4 27. gxf4 Qxf4 28. Qg3 Qf5 29. Kh2 Nf6 30. Nxd4 Ng4+ 31. Kg1 Qg6 32. Nf5 1-0

[Event "November 21 Early 2023"]
[Site "https://www.chess.com"]
[Date "2023.11.21"]
[Round "1"]
[White "Khromkin, Andrey"]
[Black "Vakhlamov, Igor L."]
[Result "0-1"]
[Board "70"]
[TimeControl "180+1"]
[WhiteFideId "4154126"]
[BlackFideId "24126748"]
[WhiteElo "2456"]
[BlackElo "2407"]
[WhiteTeam "RUS"]
[BlackTeam "RUS"]
[WhiteClock "0:00:00"]
[BlackClock "0:00:08"]

1. d4 d5 2. c4 e6 3. Nc3 c5 4. cxd5 exd5 5. Nf3 Nc6 6. g3 Nf6 7. Bg2 Be7 8. O-O O-O 9. Bg5 c4 10. Ne5 Be6 11. Nxc6 bxc6 12. b3 Qa5 13. Bd2 Bb4 14. Qc2 Rfc8 15. a3 cxb3 16. Qxb3 Be7 17. Ne4 dxe4 18. Qxe6 Qxd2 19. Qxe7 Qxd4 20. Rab1 Re8 21. Qc7 Qa4 22. Rb7 Rf8 23. Rc1 Qxa3 24. Rxc6 h5 25. Rxf6 Qa1+ 26. Bf1 Qxf6 27. Bg2 Qa1+ 28. Bf1 a5 29. e3 a4 30. Kg2 a3 31. Bc4 Qf6 32. Ba2 Rac8 33. Qf4 Qxf4 34. gxf4 Rc2 35. Bd5 Rc5 36. Ba2 Rc2 37. Bd5 g6 38. Ra7 Rc3 39. Bxe4 Rd8 40. f5 gxf5 41. Bxf5 Rd2 42. Bb1 Rxe3 43. Ra5 Rb3 44. Bf5 a2 45. h4 Rc3 46. Be4 Rc1 0-1